 Dungeon Crawl Stone Soup version 0.23.1 (webtiles) character file.

Game seed: 15412650743163550329

2898 HEYYEYAAE the Quickloader (level 9, 0/64 HPs)
             Began as an Octopode Hunter on Mar 3, 2019.
             Was a Follower of Okawaru.
             Slain by a wight
             ... wielding a +0 halberd
              (7 damage)
             ... on level 7 of the Dungeon.
             The game lasted 00:08:00 (6290 turns).

HEYYEYAAE the Quickloader (Octopode Hunter)         Turns: 6290, Time: 00:08:01

Health: 0/64       AC:  1    Str: 15    XL:     9   Next: 77%
Magic:  9/9        EV: 25    Int: 13    God:    Okawaru [*.....]
Gold:   333        SH:  4    Dex: 25    Spells: 8/8 levels left

rFire    . . .     SeeInvis .   a - +1 hand crossbow
rCold    . . .     Gourm    .   (no shield)
rNeg     . . .     Faith    .   (helmet restricted)
rPois    .         Spirit   .   G - amulet of regeneration
rElec    .         Reflect  .   m - +3 ring of strength
rCorr    +         Harm     .   v - +5 ring of dexterity
MR       +....     Rnd*Rage +   E - ring of resist corrosion
Stlth    ++++++....             (no ring)
HPRegen  0.60/turn              (no ring)
MPRegen  0.11/turn              (no ring)
                                (no ring)
                                (no ring)

@: agile, slowed, lightly drained, very slow
A: almost no armour, stealthy swim, amphibious, 8 rings, constrict 8, large bone
plates 1, camouflage 1, berserk 1, magic resistance 1, mutation resistance 1,
gelatinous body 1
a: Heroism, Renounce Religion


You were on level 7 of the Dungeon.
You worshipped Okawaru.
Okawaru was aware of your devotion.
You were hungry.

You visited 2 branches of the dungeon, and saw 8 of its levels.
You also visited: Ossuary.

You collected 333 gold pieces.

Inventory:

Hand Weapons
 a - a +1 hand crossbow (weapon)
 b - a +2 spear of piercing
 o - a +4 whip
 r - a +0 short sword
Missiles
 c - 65 bolts (quivered)
Jewellery
 m - a +3 ring of strength (left tentacle)
 v - a +5 ring of dexterity (right tentacle)
 E - a ring of resist corrosion (on tentacle)
 G - an amulet of regeneration (around mantle)
Scrolls
 j - 4 scrolls of remove curse
 p - 2 scrolls of immolation
 q - a scroll of blinking
 t - a scroll of magic mapping
 w - a scroll of fear
 x - 2 scrolls of amnesia
 y - a scroll of teleportation
 z - a scroll of random uselessness {unknown}
 B - a scroll of enchant armour {unknown}
 C - a scroll of torment {unknown}
Potions
 e - 2 potions of might
 f - a potion of magic {unknown}
 g - a potion of cancellation {unknown}
 i - a potion of degeneration {unknown}
 k - 2 potions of curing
 l - a potion of brilliance {unknown}
 n - a potion of flight {unknown}
 s - 3 potions of mutation
 D - 6 potions of agility
 F - a potion of heal wounds {unknown}
Comestibles
 d - 12 rations


   Skills:
 * Level 7.4(7.1) Fighting
 * Level 8.1(7.9) Crossbows
 * Level 7.3(7.0) Dodging
 + Level 7.0(6.8) Stealth


You had 8 spell levels left.
You didn't know any spells.
Your spell library contained the following spells:

 Spells                   Type           Power        Failure   Level  Hunger
 Confusing Touch          Hex            #.....       30%         1    ##.....
 Sandblast                Erth           #.....       30%         1    ##.....
 Passwall                 Tmut/Erth      #.......     43%         2    ###....
 Confuse                  Hex            #.......     67%         3    ####...
 Gell's Gravitas          Tloc           #.........   67%         3    ####...
 Stone Arrow              Conj/Erth      #.....       67%         3    ####...
 Petrify                  Tmut/Erth      #.......     97%         4    #####..
 Lee's Rapid Deconstruct  Erth           #.........   100%        5    ######.
 Metabolic Englaciation   Hex/Ice        #.........   100%        5    ######.
 Yara's Violent Unravell  Hex/Tmut       #.........   100%        5    ######.


Dungeon Overview and Level Annotations

Branches:
Dungeon (7/15)             Temple (1/1) D:6

Altars:
Ashenzari
Cheibriados
Dithmenos
Elyvilon
Fedhas
Gozag
Hepliaklqana
Kikubaaqudgha
Makhleb
Okawaru
Qazlal
Sif Muna
Trog
Uskayaw
Vehumet
Wu Jian
Xom
Yredelemnul
Zin
The Shining One
Beogh

Shops:
D:4 (   D:6 [

Annotations:
D:5 3 runed translucent doors, grocchini's ghost, novice VSFi
D:6 3 runed translucent doors, SeriousVitamin's ghost, amateur GrFi
D:7 Phong's ghost, novice GrEE


Innate Abilities, Weirdness & Mutations

You cannot wear most types of armour.
You are very stealthy in the water. (Stealth+)
You are amphibious.
You can wear up to eight rings at the same time.
You can use your tentacles to constrict eight enemies at once.
Your skin changes colour to match your surroundings (Stealth+).
Your rubbery body absorbs attacks. (AC +1, EV +1)
You are partially covered in large bone plates. (SH +4)
You tend to lose your temper in combat.
You are resistant to hostile enchantments. (MR+)
You are somewhat resistant to further mutation.


Message History

It was a potion of mutation.
You feel extremely strange.
Large bone plates grow over parts of your tentacles.
You feel resistant to hostile enchantments.
You feel a little pissed off.
You feel genetically stable. The wight hits you but does no damage.
The wight hits you from afar with a +0 halberd.
* * * LOW HITPOINT WARNING * * *
The wight hits you but does no damage.
It was a potion of agility.
You feel agile all of a sudden.
You feel less wooden. The wight misses you. The wight completely misses you.
The wight hits you from afar with a +0 halberd.
* * * LOW HITPOINT WARNING * * *
You feel drained.
* * * LOW HITPOINT WARNING * * *
You feel better.
The wight hits you from afar with a +0 halberd!
* * * LOW HITPOINT WARNING * * *
The wight hits you from afar with a +0 halberd!
You die...

#..# #.# #.##
#####.#
#.#####$$$#.#
#......._$#.##
#.####.$$....## #.#
##...#.#.###
#.#####.....†.!.##
.......)†(#.#......
#...>###@#....#.###
#.## #)##.#.#.## <.
#zz.......#
#zo.##.#....
#(...#.#..##
......# # .#
...(...# #
........##
......%..


You could see 3 wights and an orc priest.

Vanquished Creatures
  Grinder (D:5)
  Sigmund (D:3)
  A wraith (Ossuary)
  An ice beast (D:7)
  A sky beast (D:7)
  3 ogres
  2 phantoms
  A centaur (D:5)
  2 scorpions (D:4)
  2 wights (D:7)
  2 howler monkeys (D:7)
  A crimson imp (D:7)
  A bullfrog zombie (D:7)
  6 hounds
  2 jellies (D:6)
  A bullfrog skeleton (D:5)
  A gnoll shaman (D:6)
  2 orc priests
  Ijyb (D:3)
  Natasha (thrice) (D:3)
  2 iguanas
  9 orc wizards
  6 worker ants
  2 hound skeletons
  3 mummies (Ossuary)
  11 gnolls
  9 adders
  A shadow imp (D:5)
  2 oozes
  2 adder skeletons
  5 worms
  8 leopard geckos
  31 orcs
  4 giant cockroaches
  7 hobgoblins
  7 jackals
  3 quokkas
  3 ball pythons
  9 bats
  6 frilled lizards
  A giant cockroach zombie (D:5)
  5 goblins
  3 goblin zombies (Ossuary)
  A jackal zombie (D:5)
  4 kobolds
  5 kobold zombies (Ossuary)
  A leopard gecko zombie (D:5)
  11 rats
196 creatures vanquished.

Vanquished Creatures (others)
  5 dream sheep (D:3)
  An adder (D:3)
6 creatures vanquished.

Grand Total: 202 creatures vanquished

Notes
Turn   | Place    | Note
-------+----------+-------------------------------------------
     0 | D:1      | HEYYEYAAE the Octopode Hunter began the quest for the Orb.
     0 | D:1      | Reached XP level 1. HP: 14/14 MP: 1/1
    95 | D:1      | Reached XP level 2. HP: 19/19 MP: 2/2
   369 | D:1      | Reached XP level 3. HP: 25/25 MP: 3/3
   858 | D:2      | Found a burning altar of Makhleb.
   967 | D:2      | Found a white marble altar of Elyvilon.
   977 | D:2      | Reached XP level 4. HP: 30/30 MP: 4/4
  1332 | D:3      | Noticed a dream sheep
  1332 | D:3      | Noticed a dream sheep
  1332 | D:3      | Noticed a dream sheep
  1332 | D:3      | Noticed a dream sheep
  1332 | D:3      | Noticed a dream sheep
  1332 | D:3      | Found a shimmering altar of Xom.
  1333 | D:3      | Noticed Natasha
  1336 | D:3      | Killed a dream sheep
  1336 | D:3      | Killed a dream sheep
  1336 | D:3      | Killed a dream sheep
  1336 | D:3      | Reached XP level 5. HP: 17/36 MP: 5/5
  1337 | D:3      | Killed a dream sheep
  1339 | D:3      | Killed a dream sheep
  1345 | D:3      | Killed Natasha
  1502 | D:3      | Found a stormy altar of Qazlal.
  1534 | D:3      | Noticed Sigmund
  1551 | D:3      | Killed Sigmund
  1551 | D:3      | Reached skill level 5 in Crossbows
  1551 | D:3      | Reached XP level 6. HP: 18/43 MP: 6/6
  2010 | D:3      | Noticed Natasha
  2015 | D:3      | Killed Natasha
  2149 | D:3      | Reached XP level 7. HP: 41/48 MP: 7/7
  2166 | D:3      | Noticed Natasha
  2171 | D:3      | Killed Natasha
  2450 | D:3      | Noticed Ijyb
  2455 | D:3      | Killed Ijyb
  2712 | D:4      | Found Abankube's Weapon Boutique.
  2759 | D:4      | Reached skill level 6 in Crossbows
  2762 | D:4      | Reached skill level 5 in Fighting
  2780 | D:4      | Reached skill level 5 in Dodging
  2780 | D:4      | Reached XP level 8. HP: 27/55 MP: 8/8
  3152 | D:4      | Found a glowing golden altar of the Shining One.
  3190 | D:4      | Reached skill level 5 in Stealth
  3607 | D:4      | Found a shattered altar of Ashenzari.
  3923 | D:5      | Entered Level 5 of the Dungeon
  3943 | D:5      | Noticed Grinder
  3951 | D:5      | Paralysed by Grinder for 6 turns
  3957 | D:5      | Killed Grinder
  4022 | D:5      | Found a runed translucent gate.
  4023 | D:5      | Found a runed translucent gate.
  4023 | D:5      | Identified the cursed +0 spear "Cimemuf" {speed, rElec rC+
                  | MR+ Dex+4}
  4023 | D:5      | Identified the cursed +0 scale mail "Mogiq" {*Contam +Fly
                  | rPois Dex+4}
  4024 | D:5      | Found a runed translucent gate.
  4026 | D:5      | Noticed grocchini's ghost (novice VSFi)
  4029 | D:5      | Found a roughly hewn altar of Beogh.
  4107 | D:5      | Reached skill level 7 in Crossbows
  4174 | D:5      | Found a sand-covered staircase.
  4203 | Ossuary  | Entered an ossuary
  4203 | Ossuary  | Noticed a wraith
  4203 | Ossuary  | Noticed a wraith
  4203 | Ossuary  | Noticed a wraith
  4591 | Ossuary  | Noticed a wraith
  4598 | Ossuary  | Killed a wraith
  4598 | Ossuary  | Reached XP level 9. HP: 40/63 MP: 9/9
  5296 | D:6      | Found a staircase to the Ecumenical Temple.
  5305 | Temple   | Entered the Ecumenical Temple
  5362 | Temple   | Became a worshipper of Warmaster Okawaru
  5384 | D:6      | Found Xoxorph's Armour Emporium.
  5452 | D:6      | Found a runed translucent gate.
  5453 | D:6      | Found a runed translucent gate.
  5453 | D:6      | Noticed SeriousVitamin's ghost (amateur GrFi)
  5456 | D:6      | Found a runed translucent gate.
  5456 | D:6      | Noticed a centaur warrior
  6162 | D:7      | Noticed a deep elf mage
  6162 | D:7      | Noticed Phong's ghost (novice GrEE)
  6190 | D:7      | Found an opulent altar of Gozag.
  6245 | D:7      | Reached * piety under Okawaru
  6245 | D:7      | Reached skill level 8 in Crossbows
  6288 | D:7      | Gained mutation: You are partially covered in large bone
                  | plates. (SH +4) [potion of mutation]
  6288 | D:7      | Gained mutation: You are resistant to hostile enchantments.
                  | (MR+) [potion of mutation]
  6288 | D:7      | Gained mutation: You tend to lose your temper in combat.
                  | [potion of mutation]
  6288 | D:7      | Gained mutation: You are somewhat resistant to further
                  | mutation. [potion of mutation]
  6290 | D:7      | Slain by a wight

Skill      XL: |  1  2  3  4  5  6  7  8  9 |
---------------+----------------------------+-----
Stealth        | 2 3 4 6 7 |  7.0
Fighting       | 3 4 5 6 7 |  7.4
Dodging        | 3 4 5 6 7 |  7.3
Crossbows      | 5 6 7 8 |  8.1

Action                   |  1- 3 |  4- 6 |  7- 9 || total
-------------------------+-------+-------+-------++-------
Melee: Whip              |     7 |    11 |       ||    18
       Constrict         |     2 |    14 |    67 ||    83
       Spear             |       |    84 |   322 ||   406
       Tentacles         |       |     7 |    82 ||    89
 Fire: Hand crossbow     |    60 |     7 |    37 ||   104
Evoke: Wand              |       |       |     8 ||     8
  Use: Potion            |       |     3 |     8 ||    11
       Scroll            |       |     3 |     7 ||    10
 Stab: Sleeping          |     1 |     7 |    31 ||    39
       Distracted        |       |     1 |     4 ||     5
  Eat: Chunk             |       |     3 |     7 ||    10
       Ration            |       |       |     2 ||     2
Armor: Skin              |     7 |    36 |    76 ||   119
Dodge: Dodged            |    31 |    35 |   174 ||   240
Block: Other             |       |       |     5 ||     5
